 Dungeon Crawl Stone Soup version 0.13.0-19-g8e0b589 (webtiles) character file.

723 Malachi the Chopper (level 7, -1/56 HPs)
             Began as a Ghoul Gladiator on Oct 24, 2013.
             Was a Follower of Okawaru.
             Killed from afar by an orc wizard (7 damage)
             ... with a puff of flame
             ... on Level 4 of the Dungeon.
             The game lasted 00:09:16 (3304 turns).

Malachi the Chopper (Ghoul Gladiator)               Turns: 3304, Time: 00:09:16

HP  -1/56        AC  9     Str 21      XL: 7   Next: 32%
MP   4/4         EV  6     Int  3      God: Okawaru [*.....]
Gold 157         SH 16     Dex  9      Spells:  0 memorised,  6 levels left

Res.Fire  : . . .   See Invis. : .   a - +0,-1 hand axe {=f}
Res.Cold  : + . .   Warding    : .   k - +0 scale mail
Life Prot.: + + +   Conserve   : .   w - +0 elf shield
Res.Poison: +       Res.Corr.  : .   c - -1 helmet
Res.Elec. : .       Clarity    : .   (no cloak)
Sust.Abil.: . .     Spirit.Shd : .   (no gloves)
Res.Mut.  : +       Stasis     : .   (no boots)
Res.Rott. : +       Flight     : .   h - amulet of resist mutation
Saprovore : + + +                    (no ring)
                                     m - +3 ring of protection

@: rotting, slightly resistant to hostile enchantments, extremely unstealthy
A: rotting body, claws 1, carnivore 3, cold resistance 1, life protection 3,
poison resistance, saprovore 3, slow healing 1, torment resistance, unbreathing
a: Heroism, Renounce Religion


You were on level 4 of the Dungeon.
You worshipped Okawaru.
Okawaru was aware of your devotion.
You were not hungry.

You visited 1 branch of the dungeon, and saw 5 of its levels.

You collected 137 gold pieces.

Inventory:

Hand weapons
 a - a +0,-1 hand axe (weapon) {=f}
Missiles
 d - 3 throwing nets (quivered)
Armour
 b - a +0 leather armour
 c - a -1 helmet (worn)
 k - a +0 scale mail (worn)
 w - a +0 elven shield (worn)
Magical devices
 l - a wand of frost (0)
Comestibles
 v - 2 meat rations
 E - a chunk of goblin flesh
Scrolls
 g - 3 scrolls of magic mapping
 i - a scroll of enchant weapon I {unknown}
 j - a scroll of teleportation {unknown}
 o - a scroll of curse jewellery {unknown}
 r - 3 scrolls of remove curse {unknown}
 s - 5 scrolls of noise {unknown}
 t - a scroll of recharging {unknown}
 x - 3 scrolls of identify
Jewellery
 h - an amulet of resist mutation (around neck)
 m - a +3 ring of protection (left claw)
Potions
 f - a potion of agility
 n - 2 potions of speed
 p - a potion of might
 q - 4 potions of brilliance
 u - 2 potions of curing
 A - a potion of heal wounds {unknown}
 B - a potion of resistance {unknown}


   Skills:
 - Level 2.1 Fighting
 * Level 7.3 Axes
 - Level 1.7 Throwing
 - Level 2.6 Dodging
 + Level 1.0 Shields
 + Level 0.2 Evocations


You had 6 spell levels left.
You didn't know any spells.

Dungeon Overview and Level Annotations

Branches:
Dungeon (5/27)
 Temple: D:4-7

Altars:
Okawaru


Innate Abilities, Weirdness & Mutations

Your body is rotting away.
You have sharp fingernails.
You are carnivorous and can eat meat at any time.
Your flesh is cold resistant.
You are immune to negative energy.
Your system is resistant to poisons.
You thrive on rotten meat.
You heal slowly.
You are immune to unholy pain and torment.
You can survive without breathing.


Message History

* * * LOW HITPOINT WARNING * * *
You hit it. It hits you but does no damage.
You miss it. It hits you but does no damage.
You closely miss it.
You hear some strange, mumbled words.
Something tries to affect you, but you resist.
You closely miss it. It hits you but does no damage.
You hit it.
You hear some strange, mumbled words.
The magic dart hits you!
* * * LOW HITPOINT WARNING * * *
You hit it.
An orc wizard appears from thin air!
Reactivating autopickup.
The orc wizard hits you with an orcish dagger.
* * * LOW HITPOINT WARNING * * *
Eat a chunk of giant newt flesh? (ye/n/q/i?) This raw flesh tastes good!
The orc wizard points at you and mumbles some strange words.
The puff of flame hits you!
You die...

...........# #.# #.# ########
######.....# #.# #(# #.. #.#####
#.####.# #.# #.# #......# #.# #.#
#.###### #.# #.# #.# #.# #####.#
######## #.#
##.....############...#########.#
..............%o@.....+..........
##.#.......####.###...#########.#
##.#.......# #.###############.#
...############.#....%..........#
####### #.....#.###############
......# #.#####.# #.......#
#####.# #.#.....# #.#####(# #.#
#.#.....# #.# #.# #.# #.#.....#
#.# #.#


You could see an orc wizard.

Vanquished Creatures
  A phantom (D:4)
  A crimson imp (D:4)
  A jelly (D:5)
  A hound (D:4)
  A scorpion (D:4)
  2 orc priests (D:4)
  3 orc wizards (D:3)
  A worker ant (D:4)
  Jessica (D:3)
  8 adders
  2 worms
  5 giant geckos
  2 oozes (D:4)
  18 orcs
  2 giant cockroaches (D:4)
  11 goblins
  6 hobgoblins
  8 kobolds
  9 bats
  7 giant newts
  A goblin skeleton (D:4)
  A quokka skeleton (D:4)
  7 rats
99 creatures vanquished.

Notes
Turn   | Place    | Note
--------------------------------------------------------------
     0 | D:1      | Malachi, the Ghoul Gladiator, began the quest for the Orb.
     0 | D:1      | Reached XP level 1. HP: 18/18 MP: 0/0
   169 | D:1      | Reached skill level 3 in Axes
   304 | D:1      | Reached XP level 2. HP: 19/25 MP: 1/1
   722 | D:2      | Reached XP level 3. HP: 28/30 MP: 2/2
   738 | D:2      | Found an iron altar of Okawaru.
   762 | D:2      | Became a worshipper of Warmaster Okawaru
   815 | D:2      | Reached skill level 4 in Axes
  1012 | D:2      | Reached XP level 4. HP: 38/38 MP: 2/2
  1434 | D:3      | Noticed Jessica
  1465 | D:3      | Killed Jessica
  1713 | D:3      | Reached skill level 5 in Axes
  1779 | D:3      | Reached XP level 5. HP: 36/43 MP: 3/3
  2073 | D:3      | Reached XP level 6. HP: 29/50 MP: 4/4
  2246 | D:4      | Reached skill level 6 in Axes
  2462 | D:4      | Acquired Okawaru's first power
  2513 | D:4      | Noticed a phantom
  2571 | D:4      | Killed a phantom
  2946 | D:4      | Reached XP level 7. HP: 44/56 MP: 4/4
  3189 | D:5      | Entered Level 5 of the Dungeon
  3197 | D:4      | Reached skill level 7 in Axes
  3271 | D:5      | Reached skill level 1 in Shields
  3304 | D:4      | Killed from afar by an orc wizard

Action                   |  1- 3 |  4- 6 |  7- 9 || total
-------------------------+-------+-------+-------++-------
Melee: Hand axe          |   114 |   306 |    50 ||   470
Evoke: Wand              |       |     4 |       ||     4
  Use: Scroll            |     3 |     2 |     1 ||     6
       Potion            |       |     1 |     1 ||     2
